AoeStats
← ageiplayer500abernurspanier

Socotra

504439457Analyzed
3v3 RM · 26d ago on Sep 5, 2026· 48m 44s· 6 players
Game mode
Random Map
Map size
128×128
Population
200
Speed
Normal
Resources
Standard
Victory
Conquest
Starting age
Dark Age
Ending age
Imperial Age
RankedLock teamsTeams togetherTeam positionsShared explorationLock speedFull tech treeHidden civsTurbo modeCheats
Victory
Defeat
🇭🇰 Ethiopians · Hong Kong SAR China
1548
+8
1217
+21
🇧🇪 Khmer · Belgium
1127
+25
🇫🇷 Armenians · France
1363
-19
🇫🇷 Ethiopians · France
1332
-18
🇫🇷 Khmer · France
1325
-17
Sire Girard la Truie
1:39 Loom
11:25 Feudal Age
11:52 Double-Bit Axe
11:50 Horse Collar
17:15 Castle Age
15:49 Stone Mining
22:09 Husbandry
22:25 Fletching
23:38 Bloodlines
23:57 Bodkin Arrow
26:29 Town Watch
26:58 Gold Mining
30:22 Ballistics
31:55 Padded Archer Armor
34:01 Wheelbarrow
33:52 Masonry
38:39 Imperial Age
36:27 Town Patrol
40:26 Chemistry
40:49 Double Crossbow
43:31 Scale Barding Armor
43:37 Forging
43:43 Light Cavalry
47:59 Heavy Plow
48:30 Bow Saw
KebabSpartiate
1:25 Loom
10:35 Feudal Age
17:33 Fletching
18:28 Padded Archer Armor
25:28 Castle Age
25:28 Crossbowman
26:04 Bodkin Arrow
37:10 Ballistics
37:47 Wheelbarrow
43:25 Gold Mining
43:45 Scale Mail Armor
45:22 Forging
47:35 Chain Mail Armor
Potimarron
1:21 Loom
10:04 Feudal Age
10:04 Man-at-Arms
10:53 Horse Collar
10:57 Long Swordsman
14:04 Horse Collar
16:39 Fletching
18:29 Padded Archer Armor
21:23 Wheelbarrow
26:44 Castle Age
26:47 Elite Skirmisher
27:23 Bodkin Arrow
27:34 Double-Bit Axe
27:41 Gold Mining
28:22 Leather Archer Armor
29:28 Bow Saw
30:04 Pikeman
32:01 Ballistics
32:06 Scale Mail Armor
32:33 Squires
32:33 Gambesons
34:11 Heavy Plow
49:53 Imperial Age
48:23 Halberdier
El tigre Abelardo
1:04 Loom
10:34 Feudal Age
17:02 Wheelbarrow
17:10 Fletching
23:07 Castle Age
24:40 Crossbowman
30:55 Light Cavalry
31:45 Bloodlines
31:52 Husbandry
33:01 Scale Barding Armor
34:26 Forging
39:38 Imperial Age
38:19 Chain Barding Armor
38:35 Iron Casting
37:51 Pikeman
40:16 Hussar
43:10 Plate Barding Armor
43:14 Arbalester
46:03 Horse Collar
47:30 Conscription
48:44 Blast Furnace
STephen
10:27 Feudal Age
8:44 Loom
11:00 Double-Bit Axe
15:37 Fletching
16:08 Padded Archer Armor
17:10 Wheelbarrow
17:14 Horse Collar
22:32 Castle Age
21:13 Town Watch
21:37 Gold Mining
22:33 Crossbowman
23:09 Bodkin Arrow
23:24 Thumb Ring
24:17 Bow Saw
26:29 Ballistics
26:55 Leather Archer Armor
32:49 Gold Shaft Mining
36:25 Imperial Age
34:35 Heavy Plow
37:14 Bracer
36:35 Arbalester
39:23 Chemistry
41:34 Guilds
ageiplayer500abernurspanier
8:38 Loom
12:25 Feudal Age
17:11 Castle Age
29:20 Bloodlines
31:13 Scale Barding Armor
31:10 Husbandry
32:36 Chain Barding Armor
34:14 Double-Bit Axe
34:12 Horse Collar
36:46 Wheelbarrow
43:21 Imperial Age
41:59 Hand Cart
42:45 Bow Saw
42:58 Forging
43:20 Light Cavalry
44:40 Iron Casting
44:10 Hussar
46:59 Fletching
49:01 Conscription
50:19 Blast Furnace
Connection lost

Rejoining the realm…

Still unreachable

The connection could not be restored.

Session expired

The server has moved on; the page needs a fresh start.